AoeStats
← cherreraleyton

Arabia

510324673Analyzed
1v1 RM · 1d ago on Sep 30, 2026· 59m 57s· 2 players
Game mode
Random Map
Map size
Tiny (2 player)
Population
200
Speed
Normal
Resources
Standard
Victory
Conquest
Starting age
Dark Age
Ending age
Imperial Age
RankedLock teamsTeams togetherTeam positionsShared explorationLock speedFull tech treeHidden civsTurbo modeCheats
Victory
Defeat
🇩🇪 Ethiopians · Germany
1301
+15
🇨🇱 Mongols · Chile
1287
-15
cherreraleyton
7:46 Feudal Age
9:34 Loom
11:59 Double-Bit Axe
17:46 Fletching
23:03 Castle Age
22:21 Scale Barding Armor
22:27 Bloodlines
23:22 Horse Collar
25:03 Bow Saw
24:26 Light Cavalry
26:34 Crossbowman
29:21 Town Watch
31:47 Wheelbarrow
32:27 Chain Barding Armor
33:01 Elite Skirmisher
38:18 Imperial Age
36:33 Bodkin Arrow
36:38 Padded Archer Armor
37:06 Ballistics
39:30 Husbandry
38:50 Cavalier
39:38 Heavy Plow
39:29 Gold Mining
39:29 Stone Mining
41:05 Conscription
40:49 Bracer
41:05 Leather Archer Armor
41:16 Light Cavalry
43:05 Forging
45:11 Chemistry
44:50 Iron Casting
44:35 Hussar
47:05 Onager
48:10 Drill
52:28 Hand Cart
52:13 Town Patrol
53:47 Siege Onager
58:51 Blast Furnace
57:58 Siege Onager
jj89
9:28 Feudal Age
10:08 Loom
10:47 Man-at-Arms
12:13 Arson
14:52 Horse Collar
22:00 Castle Age
19:52 Fletching
20:36 Padded Archer Armor
23:03 Bodkin Arrow
24:14 Elite Skirmisher
25:06 Double-Bit Axe
26:55 Leather Archer Armor
27:13 Scale Mail Armor
33:10 Bow Saw
37:57 Imperial Age
35:32 Town Watch
37:31 Wheelbarrow
37:06 Squires
39:47 Chemistry
39:07 Ballistics
38:12 Halberdier
39:27 Chain Mail Armor
41:04 Forging
46:54 Two-Man Saw
48:50 Torsion Engines
57:47 Hand Cart
57:41 Heavy Plow
58:43 Murder Holes
Connection lost

Rejoining the realm…

Still unreachable

The connection could not be restored.

Session expired

The server has moved on; the page needs a fresh start.